 Dungeon Crawl Stone Soup version 0.28-a0-1387-g3a22ab9bdc (webtiles) character file.

Game seed: 17917824709624832710

537 HallandMoats the Skirmisher (level 7, -1/55 HPs)
             Began as a Demonspawn Fighter on Jan 2, 2022.
             Slain by wallyj24's ghost (11 damage)
             ... on level 3 of the Dungeon.
             The game lasted 00:05:41 (3027 turns).

HallandMoats the Skirmisher (Demonspawn Fighter)    Turns: 3027, Time: 00:05:41

Health: -1/55      AC:  6    Str: 17 (18) XL:     7   Next: 5%
Magic:  7/7        EV: 10    Int:  7 (9)  God:
Gold:   154        SH:  9    Dex: 18 (21) Spells: 6/6 levels left

rFire   . . .      SeeInvis .   a - +1 hand axe (venom)
rCold   . . .      Faith    .   c - +0 buckler
rNeg    . . .      Spirit   .   i - +0 scale mail
rPois   .          Reflect  .   (no helmet)
rElec   .          Harm     .   (no cloak)
rCorr   .          Rampage  .   (no gloves)
Will    .....                   (no boots)
Stlth   +.........              (no amulet)
HPRegen 0.18/turn               j - +6 ring of dexterity
MPRegen 0.10/turn               (no ring)

@: attractive
A: thin skeletal structure 1, condensation shield, demonic touch 1
a: no special abilities


You were on level 3 of the Dungeon.
You visited 1 branch of the dungeon, and saw 3 of its levels.

You collected 154 gold pieces.

Inventory:

Hand Weapons
 a - a +1 hand axe of venom (weapon)
 b - a +0 whip of venom
Armour
 c - a +0 buckler (worn)
 i - a +0 scale mail (worn)
Jewellery
 j - a +6 ring of dexterity (left hand)
Scrolls
 e - a scroll of noise {unknown}
 f - a scroll of silence {unknown}
 g - a scroll of magic mapping {unknown}
 h - 2 scrolls of teleportation {unknown}
 k - a scroll of identify {unknown}
 l - a scroll of fear {unknown}
 m - 2 scrolls of enchant armour {unknown}
 r - a scroll of enchant weapon {unknown}
Potions
 o - a potion of attraction
 p - a potion of degeneration
 q - a potion of brilliance {unknown}


   Skills:
 * Level 4.9 Fighting
 * Level 3.9 Axes
 + Level 3.6 Armour
 + Level 2.6 Dodging
 + Level 3.6 Shields


You had 6 spell levels left.
You didn't know any spells.
Your spell library contained the following spells:

 Spells                   Type           Power      Damage    Failure   Level
 Shock                    Conj/Air       0%         1d3       85%         1


Dungeon Overview and Level Annotations

Branches:
Dungeon (3/15)

Altars:
Xom

Annotations:
D:3 wallyj24's ghost, amateur GnFi


Innate Abilities, Weirdness & Mutations

You have a somewhat thin skeletal structure. (Dex +2, Stealth+)
A meltable shield of frost defends you. (SH +4)
Your touch may inflict minor irresistible damage on your foes.


Message History

Wallyj24's ghost barely misses you.
You closely miss wallyj24's ghost.
Wallyj24's ghost is lightly damaged.
Wallyj24's ghost closely misses you.
You hit wallyj24's ghost but do no damage.
Wallyj24's ghost is lightly damaged.
Wallyj24's ghost hits you but does no damage.
You hit wallyj24's ghost but do no damage.
Wallyj24's ghost is lightly damaged.
Wallyj24's ghost closely misses you.
You hit wallyj24's ghost.
Wallyj24's ghost is moderately damaged.
You block wallyj24's ghost's attack. x2
You hit wallyj24's ghost but do no damage.
Wallyj24's ghost is moderately damaged.
You block wallyj24's ghost's attack.
You hit wallyj24's ghost but do no damage.
Wallyj24's ghost is moderately damaged.
You block wallyj24's ghost's attack.
You barely miss wallyj24's ghost.
Wallyj24's ghost is moderately damaged.
Wallyj24's ghost barely misses you.
You hit wallyj24's ghost.
Wallyj24's ghost is moderately damaged.
Wallyj24's ghost barely misses you.
Your scale mail prevents you from hitting wallyj24's ghost.
Wallyj24's ghost is moderately damaged.
Wallyj24's ghost hits you.
* * * LOW HITPOINT WARNING * * *
You barely miss wallyj24's ghost.
Wallyj24's ghost is moderately damaged.
You block wallyj24's ghost's attack.
You hit wallyj24's ghost.
Wallyj24's ghost is heavily damaged.
Wallyj24's ghost hits you.
* * * LOW HITPOINT WARNING * * *
It was a potion of cancellation.
Your magical effects are unravelling.
You feel magically purged. Wallyj24's ghost hits you!
You die...

# ##?♣⌠♣#....###.#
##### #8....#....#
#.# ....#
......#....###.#
....#
(.....'........#
.(..#
8.....')......##
....#
......'..##...#
....#
(.....#..##...#
.####
#8....#..##...# .#
###.♣⌠♣#@###...#
.#
#.######W###...#
.###
#.#.#..........#
...#
#.#.########>..#
##.#
#.#............###
#.#
#.###.#####......#
#.#
#.......#......#.#
##.####
#####.#.#.######.#
......#
#####.#.#..#####.#


You could see wallyj24's ghost.

Vanquished Creatures
  The ghost of Clumpoid the Ruffian, an amateur TrMo (D:3)
  The ghost of ASSMAN the Magician, an amateur DEEE (D:3)
  A scorpion (D:3)
  A hound (D:3)
  Natasha (twice) (D:2)
  An adder (D:2)
  4 orcs
  2 endoplasms (D:2)
  3 giant cockroaches
  8 goblins
  3 hobgoblins
  2 jackals (D:1)
  5 kobolds
  A quokka (D:1)
  4 ball pythons
  7 bats
  6 frilled lizards
  7 rats
59 creatures vanquished.

Vanquished Creatures (others)
  A fungus (D:1)
1 creature vanquished.

Grand Total: 60 creatures vanquished

Notes
Turn   | Place    | Note
-------+----------+-------------------------------------------
     0 | D:1      | HallandMoats the Demonspawn Fighter began the quest for the
                  | Orb.
     0 | D:1      | Reached XP level 1. HP: 18/18 MP: 1/1
   501 | D:1      | Gained mutation: You have a somewhat thin skeletal
                  | structure. (Dex +2, Stealth+) [demonic ancestry]
   501 | D:1      | Reached XP level 2. HP: 24/24 MP: 2/2
   671 | D:1      | Found a faded altar of an unknown god.
   686 | D:1      | Got Plato's Compendium of the Birds
  1056 | D:2      | Gained mutation: Your touch may inflict minor irresistible
                  | damage on your foes. [demonic ancestry]
  1056 | D:2      | Reached XP level 3. HP: 24/29 MP: 3/3
  1268 | D:2      | Reached skill level 1 in Dodging
  1522 | D:2      | Noticed Natasha
  1530 | D:2      | Killed Natasha
  1531 | D:2      | Reached XP level 4. HP: 25/37 MP: 4/4
  1846 | D:2      | Noticed Natasha
  1851 | D:2      | Killed Natasha
  2112 | D:3      | Reached XP level 5. HP: 30/42 MP: 5/5
  2390 | D:3      | Found a shimmering altar of Xom.
  2454 | D:3      | Reached skill level 4 in Fighting
  2573 | D:3      | Found a runed translucent gate.
  2573 | D:3      | Found a runed translucent gate.
  2573 | D:3      | Found a runed translucent gate.
  2576 | D:3      | Noticed wallyj24's ghost (amateur GnFi)
  2577 | D:3      | Noticed Clumpoid's ghost (amateur TrMo)
  2577 | D:3      | Noticed ASSMAN's ghost (amateur DEEE)
  2907 | D:3      | Killed Clumpoid's ghost
  2908 | D:3      | Reached XP level 6. HP: 7/49 MP: 6/6
  2912 | D:3      | Killed ASSMAN's ghost
  2913 | D:3      | Gained mutation: A meltable shield of frost defends you.
                  | (SH +4) [demonic ancestry]
  2913 | D:3      | Reached XP level 7. HP: 5/55 MP: 7/7
  3027 | D:3      | Slain by wallyj24's ghost

Illustrated notes

Levels and vault maps discovered:
D:1:      dpeg_arrival_concentric_ovals, layout_basic,
          shapermc_ecumenical_altar_rom_forum
D:2:      minmay_recursive_quarters, layout_loops_cross,
          kennysheep_cluttered_room, uniq_natasha
D:3:      layout_basic, nicolae_overflow_crystal_walls,
          gammafunk_ghost_cemetery, dk_vineyard_1

Skill      XL: |  1  2  3  4  5 |
---------------+----------------+-----
Axes           | 2 3 |  3.9
Dodging        | 1 2 |  2.6
Armour         | 3 |  3.6
Shields        | 3 |  3.6
Fighting       | 4 |  4.9

Action                   |  1- 3 |  4- 6 |  7- 9 || total
-------------------------+-------+-------+-------++-------
Melee: War axe           |    27 |       |       ||    27
       Whip              |    38 |       |       ||    38
       Hand axe          |    41 |    42 |    15 ||    98
  Use: Potion            |       |     1 |     3 ||     4
 Stab: Sleeping          |     1 |     1 |       ||     2
Armor: Scale mail        |    46 |    11 |     2 ||    59
Dodge: Dodged            |    49 |    12 |     6 ||    67
Block: Buckler           |    23 |    13 |     6 ||    42

Table legend: (Time is in decaauts)
 A = Elapsed time spent in this place.
 B = Non-inter-level travel time spent in this place.
 C = Inter-level travel time spent in this place.
 D = Time resting spent in this place.
 E = Time spent auto-exploring this place.
 F = Levels seen in this place.
 G = Mean time per level.
                   A        B        C        D        E       F      G
               +--------+--------+--------+--------+--------+-----+--------+
         Total |   3057 |   3040 |     17 |    639 |   1835 |   3 | 1019.0 |
       Dungeon |   3057 |   3040 |     17 |    639 |   1835 |   3 | 1019.0 |
               +--------+--------+--------+--------+--------+-----+--------+

Top non-repeatable levels by time:
     D:2: 1040 daAuts
     D:3: 1017 daAuts
     D:1: 999 daAuts
